 Dungeon Crawl Stone Soup version 0.20-a0-947-g2784f4f (webtiles) character file.

105 Hybris the Ducker (level 4, 0/23 HPs)
             Began as a Spriggan Abyssal Knight on Apr 3, 2017.
             Was a Believer of Lugonu.
             Slain by an adder (4 damage)
             ... on level 2 of the Dungeon.
             The game lasted 00:06:33 (2849 turns).

Hybris the Ducker (Spriggan Abyssal Knight)         Turns: 2849, Time: 00:06:35

Health: 0/23       AC:  2    Str:  6    XL:     4   Next: 54%
Magic:  6/6        EV: 26    Int: 18    God:    Lugonu [**....]
Gold:   116        SH:  0    Dex: 21    Spells: 3/3 levels left

rFire    . . .     SeeInvis +   a - +1 short sword
rCold    . . .     Gourm    .   (shield restricted)
rNeg     + . .     Faith    .   b - +0 robe
rPois    .         Spirit   .   (helmet restricted)
rElec    .         Reflect  .   (no cloak)
rCorr    .         Harm     .   (gloves unavailable)
MR       .....                  (boots unavailable)
Stlth    ++++......             (no amulet)
Regen    0.1/turn               l - -2 ring of strength (curse)
MPRegen  0.1/turn               j - ring of positive energy

@: brilliant, agile, lethally poisoned (0 -> -5), very quick
A: unfitting armour, see invisible, herbivore 3, speed 3, slow metabolism 2,
evolution 1
a: Depart the Abyss, Bend Space, Renounce Religion


You were on level 2 of the Dungeon.
You worshipped Lugonu.
Lugonu was pleased with you.
You were not hungry.

You visited 1 branch of the dungeon, and saw 2 of its levels.
You visited the Abyss 1 time.

You collected 116 gold pieces.

Inventory:

Hand Weapons
 a - a +1 short sword (weapon)
Armour
 b - a +0 robe (worn)
Jewellery
 g - an uncursed ring of flight
 j - a ring of positive energy (right hand)
 l - a cursed -2 ring of strength (left hand)
 n - an uncursed ring of ice
Scrolls
 d - a scroll of teleportation {unknown}
 e - a scroll of enchant weapon {unknown}
 f - a scroll of identify {unknown}
 h - a scroll of enchant armour {unknown}
 i - a scroll of fear {unknown}
 o - a scroll of blinking {unknown}
 s - a scroll of magic mapping {unknown}
 u - a scroll of immolation {unknown}
Comestibles
 c - a bread ration
 r - a royal jelly
 v - 3 fruits


   Skills:
 - Level 2.4 Fighting
 - Level 3.4 Short Blades
 + Level 4.5 Dodging
 * Level 4.5 Stealth
 + Level 1.7 Invocations


You had 3 spell levels left.
You didn't know any spells.

Dungeon Overview and Level Annotations

Branches:
Dungeon (2/15)

Altars:
Nemelex Xobeh

Annotations:
D:2 Sigmund


Innate Abilities, Weirdness & Mutations

You are very small and have problems with some larger weapons.
You are too small for most types of armour.
You have supernaturally acute eyesight. (SInv)
You are a herbivore.
You cover ground extremely quickly.
You need consume almost no food.
You evolve.


Message History

It was a potion of cancellation.
Your magical effects are unravelling.
You feel magically purged.
You feel less invigorated.
You feel less confused.
* * * LOW HITPOINT WARNING * * *
You feel sick. The adder closely misses you. Sigmund completely misses you.
It was a potion of mutation.
You feel extremely strange.
You feel nature experimenting on you.
Don't worry, failures die fast.
The adder barely misses you. The adder completely misses you.
It was a potion of brilliance.
You feel clever all of a sudden. Sigmund completely misses you.
The adder misses you.
It was a potion of agility.
You feel agile all of a sudden.
* * * LOW HITPOINT WARNING * * *
You feel sick. The adder completely misses you. Sigmund closely misses you.
You hit the adder.
The adder is almost dead.
The adder bites you.
You die...

##.### #.#.#######. #.#
##+#......... #.#
##...######### #.# ##.....##
## #####.######.......## ##.
#.........#.........####..
...........@+.........'.....
###.##...##S#.........####..
# #..###@##.......## #<.
#.## #.###.....## #.# ...
..# ##...## #.# ###. ####
##+# #.# #. #.# .#


You could see Sigmund (invisible) and an adder.

Vanquished Creatures
  Natasha (twice) (D:2)
  An ooze (D:2)
  A worm (D:2)
  A dart slug (D:1)
  2 leopard geckos (D:1)
  2 giant cockroaches (D:1)
  4 hobgoblins
  6 jackals
  2 ball pythons (D:1)
  4 bats (D:1)
  3 frilled lizards
  4 goblins
  9 kobolds
  4 rats
45 creatures vanquished.

Notes
Turn   | Place    | Note
-------+----------+-------------------------------------------
     0 | Abyss:1  | Hybris the Spriggan Abyssal Knight began the quest for the Orb.
     0 | Abyss:1  | Reached XP level 1. HP: 11/11 MP: 3/3
    52 | Abyss:1  | Noticed a glowing orange brain
    57 | Abyss:1  | Noticed a sixfirhy
    59 | D:1      | Escaped the Abyss
   314 | D:1      | Reached skill level 1 in Stealth
   457 | D:1      | Reached XP level 2. HP: 16/16 MP: 4/4
   494 | D:1      | Reached * piety under Lugonu
   922 | D:1      | Found a sparkling altar of Nemelex Xobeh.
  1232 | D:1      | Reached XP level 3. HP: 19/19 MP: 5/5
  1757 | D:2      | Noticed Natasha
  1773 | D:2      | Killed Natasha
  1773 | D:2      | Reached XP level 4. HP: 15/23 MP: 6/6
  2072 | D:2      | Reached ** piety under Lugonu
  2480 | D:2      | Noticed Natasha
  2491 | D:2      | Killed Natasha
  2825 | D:2      | Noticed Sigmund
  2846 | D:2      | Gained mutation: You evolve. [potion of mutation]
  2849 | D:2      | Slain by an adder

Vault maps used:
D:1:      saegor_arrival_simple_b, serial_forest, infiniplex_forest_straight_3,
          infiniplex_forest_straight_4, infiniplex_forest_diagonal,
          infiniplex_forest_lined_room_, infiniplex_forest_zigzag_1,
          infiniplex_forest_clump_tiny, infiniplex_forest_end_3,
          infiniplex_forest_end_2, nemelex_diamond_rough_becter
D:2:      minmay_octomino_e4, uniq_sigmund, uniq_natasha
Abyss:1:  serial_sigils_hangedman_quiver, minivault_25_ag

Skill      XL: |  1  2  3 |
---------------+----------+-----
Stealth        | 1 2 4 |  4.5
Short Blades   | 3 |  3.4
Dodging        | 4 |  4.5
Fighting       | |  2.4
Invocations    | |  1.7

Action                   |  1- 3 |  4- 6 || total
-------------------------+-------+-------++-------
Melee: Short sword       |   129 |    53 ||   182
Invok: Depart the Abyss  |     1 |       ||     1
       Bend Space        |       |     1 ||     1
  Use: Potion            |       |     7 ||     7
 Stab: Sleeping          |     4 |       ||     4
Armor: Robe              |     4 |     2 ||     6
       Skin              |       |     5 ||     5
Dodge: Dodged            |   116 |    59 ||   175
